 Dungeon Crawl Stone Soup version 0.28-a0-1235-g7c8fac35f0 (webtiles) character file.

Game seed: 1561217544847518478

13159 rogsnak the Destroyer (level 11, -5/72 HPs)
             Began as a Demonspawn Air Elementalist on Dec 24, 2021.
             Was a Priest of Sif Muna.
             Slain by a brown ugly thing (15 damage)
             ... on level 10 of the Dungeon.
             The game lasted 00:39:51 (16456 turns).

rogsnak the Destroyer (DsAE)                       Turns: 16456, Time: 00:39:52

Health: -5/72      AC:  0    Str: 14    XL:     11   Next: 71%
Magic:  1/25       EV: 14    Int: 24    God:    Sif Muna [***...]
Gold:   564        SH:  0    Dex: 12    Spells: 19/30 levels left

rFire   + . .      SeeInvis +   z - +2 dagger (venom)
rCold   + + .      Faith    .   (no shield)
rNeg    + + .      Spirit   .   L - +1 leather armour of Xecsiav {rC+ rN+ Int+3 SInv}
rPois   .          Reflect  .   O - +1 hat
rElec   +          Harm     .   (no cloak)
rCorr   .          Rampage  .   A - +0 pair of gloves
Will    +++..                   u - +0 pair of boots
Stlth   ++........              (no amulet)
HPRegen 0.22/turn               E - ring of Dithmenos's Hatred {rElec Will+++ Str+2 Dex-2 SInv}
MPRegen 0.19/turn               B - ring "Fecigok" {*Slow Fly rF+ rC+ rN+ Str+4}

@: swift, corroded, flying, slowed
A: claws 1, repulsion field 1, demonic guardian 2, powered by pain 2
a: Renounce Religion, Channel Magic, Forget Spell


You were on level 10 of the Dungeon.
You worshipped Sif Muna.
Sif Muna was most pleased with you.
You visited 2 branches of the dungeon, and saw 12 of its levels.

You collected 564 gold pieces.

Inventory:

Hand Weapons
 r - a +2 halberd of flaming
 z - a +2 dagger of venom (weapon)
Missiles
 k - 122 poisoned darts
 S - 3 curare-tipped darts
 U - 4 atropa-tipped darts
Armour
 u - a +0 pair of boots (worn)
 A - a +0 pair of gloves (worn)
 D - a +1 leather armour of poison resistance
 J - the +1 scale mail of Hysteria {rPois rC+}
   (You found it on level 8 of the Dungeon)

   rC:        It protects you from cold.
   rPois:     It protects you from poison.
 L - the +1 leather armour of Xecsiav (worn) {rC+ rN+ Int+3 SInv}
   (You found it on level 9 of the Dungeon)

   Int:       It affects your intelligence (+3).
   rC:        It protects you from cold.
   rN:        It protects you from negative energy.
   SInv:      It lets you see invisible.
 O - a +1 hat (worn)
 T - a +1 robe of fire resistance
Magical Staves
 i - a staff of earth
 j - a staff of conjuration
 F - a staff of death
Jewellery
 o - a ring of protection from cold
 B - the ring "Fecigok" (right hand) {*Slow Fly rF+ rC+ rN+ Str+4}
   (You found it on level 5 of the Dungeon)

   [ring of positive energy]

   Str:       It affects your strength (+4).
   rF:        It protects you from fire.
   rC:        It protects you from cold.
   rN:        It protects you from negative energy.
   Fly:       It grants you flight.
   *Slow:     It may slow you when you take damage.
 E - the ring of Dithmenos's Hatred (left hand) {rElec Will+++ Str+2 Dex-2 SInv}
   (You found it on level 7 of the Dungeon)

   [ring of see invisible]

   Str:       It affects your strength (+2).
   Dex:       It affects your dexterity (-2).
   rElec:     It insulates you from electricity.
   SInv:      It lets you see invisible.
   Will:      It greatly increases your willpower.
 G - a ring of protection from fire
Wands
 d - a wand of charming (3)
 y - a wand of polymorph (13)
 N - a wand of flame (21)
 Q - a wand of iceblast (4)
 Y - a wand of paralysis (2)
Scrolls
 e - 9 scrolls of teleportation
 f - 9 scrolls of identify {unknown}
 m - a scroll of fear {unknown}
 n - a scroll of amnesia {unknown}
 p - 3 scrolls of blinking {unknown}
 q - a scroll of torment {unknown}
 t - 2 scrolls of enchant armour {unknown}
 v - a scroll of magic mapping {unknown}
 M - 2 scrolls of fog {unknown}
 R - a scroll of vulnerability {unknown}
 W - a scroll of enchant weapon {unknown}
 Z - a scroll of brand weapon {unknown}
Potions
 b - 5 potions of curing
 c - a potion of resistance {unknown}
 g - 5 potions of heal wounds {unknown}
 l - 2 potions of mutation
 s - a potion of invisibility {unknown}
 x - 2 potions of haste {unknown}
 C - 2 potions of flight {unknown}
 H - a potion of might {unknown}
 I - a potion of lignification {unknown}
 P - a potion of brilliance {unknown}
 V - 2 potions of degeneration {unknown}
 X - a potion of ambrosia {unknown}
Miscellaneous
 a - a phial of floods


   Skills:
 + Level 2.2 Fighting
 - Level 0.1 Short Blades
 + Level 3.4 Armour
 + Level 3.7 Dodging
 - Level 1.7 Stealth
 + Level 10.1 Spellcasting
 * Level 10.5 Conjurations
 + Level 9.7 Air Magic


You had 19 spell levels left.
You knew the following spells:

 Your Spells              Type           Power      Damage    Failure   Level
a - Shock                 Conj/Air       100%       1d9       1%          1
b - Swiftness             Air            56%        N/A       1%          3
c - Airstrike             Air            28%        N/A       1%          4
d - Mephitic Cloud        Conj/Pois/Air  44%        N/A       1%          3

Your spell library contained the following spells:

 Spells                   Type           Power      Damage    Failure   Level
 Magic Dart               Conj           100%       1d8       1%          1
 Static Discharge         Conj/Air       57%        N/A       1%          2
 Conjure Flame            Conj/Fire      37%        6-21      2%          3
 Sting                    Tmut/Pois      48%        1d5       6%          1
 Sticky Flame             Conj/Fire      37%        2d6       7%          4
 Call Imp                 Summ           12%        N/A       10%         2
 Ignite Poison            Fire/Tmut/Pois 12%        N/A       19%         3
 Petrify                  Tmut/Erth      12%        N/A       54%         4


Dungeon Overview and Level Annotations

Branches:
Dungeon (11/15)            Temple (1/1) D:4            Lair (0/6) D:9
    Orc (0/2) D:10

Altars:
Ashenzari
Cheibriados
Dithmenos
Elyvilon
Fedhas
Gozag
Hepliaklqana
Kikubaaqudgha
Makhleb
Nemelex Xobeh
Okawaru
Qazlal
Ru
Sif Muna
Trog
Uskayaw
Vehumet
Wu Jian
Xom
Yredelemnul
Zin
The Shining One
Beogh

Shops:
D:4 [   D:10 [

Annotations:
D:11 3 runed translucent doors


Innate Abilities, Weirdness & Mutations

You have sharp fingernails.
You are surrounded by a mild repulsion field. (EV +2)
A demonic guardian rushes to your aid.
You sometimes gain power by taking damage.


Message History

Aiming: Airstrike (dangerous; 1% risk of failure)
Press: ? - help, Dir - move target, f/p - brown ugly thing
Aim: a brown ugly thing (empty space bonus: 8/8)
The air twists around and strikes the brown ugly thing!
The brown ugly thing is moderately wounded.
Casting: Airstrike (dangerous; 1% risk of failure)
Confirm with . or Enter, or press ? or * to list all spells.
Aiming: Airstrike (dangerous; 1% risk of failure)
Press: ? - help, Dir - move target, f/p - brown ugly thing
Aim: a brown ugly thing (moderately wounded, empty space bonus: 8/8)
You miscast Airstrike.
You are very lightly contaminated with residual magic.
Nothing appears to happen.
Casting: Airstrike (dangerous; 1% risk of failure)
Confirm with . or Enter, or press ? or * to list all spells.
Aiming: Airstrike (dangerous; 1% risk of failure)
Press: ? - help, Dir - move target, f/p - brown ugly thing
Aim: a brown ugly thing (moderately wounded, empty space bonus: 8/8)
The air twists around and strikes the brown ugly thing!
The brown ugly thing is heavily wounded.
Unknown command.
You see here 25 arrows.
There is a stone staircase leading up, spattered with blood here.
The brown ugly thing gores you.
You are splashed with acid!
You fly upwards.
Your magical contamination has completely faded away.
There is a stone staircase leading down here.
The brown ugly thing gores you!
You feel yourself slow down. The acid corrodes you!
You are splashed with acid!
The brown ugly thing gores you. The acid corrodes you!
You are splashed with acid!
The brown ugly thing gores you!
* * * LOW HITPOINT WARNING * * *
The acid corrodes you!
You are splashed with acid!
* * * LOW HITPOINT WARNING * * *
A demonic guardian appears!
Casting: Airstrike (dangerous; 1% risk of failure)
Confirm with . or Enter, or press ? or * to list all spells.
You feel quick. The brown ugly thing gores you!
You die...

...................##............
...................#........(....
.................................
..................###...(.....#.#
..............###..##.........###
...............##.##...........##
).......>.........###...........#
.[.................##......#.....
...............u@..........#..<..
.................................
................4......[.........
..............##..(........[.....
....##.......##.................#
............#####......[)........
..............###..#...#...###.##
................#.###..##..# ####
..#........#.#....#...##...#


You could see a brown ugly thing (ally target) and a friendly orange demon
(summoned).

Vanquished Creatures
  A death yak (D:9)
  An orc knight (D:10)
  A cyclops (D:11)
  A manticore (D:9)
  An ice statue (D:10)
  An unseen horror (D:10)
  A kobold demonologist (D:9)
  3 meliai (D:10)
  2 hornets (D:9)
  2 slime creatures (D:7)
  A wraith (D:11)
  A vampire (D:10)
  6 yaks
  2 wyverns (D:8)
  3 water moccasins
  Duvessa (D:7)
  8 orc warriors
  2 black bears
  2 sky beasts
  3 ice beasts
  2 centaurs (D:9)
  An ogre (D:6)
  13 kobold brigands
  A bullfrog (D:8)
  A scorpion (D:6)
  3 killer bees (D:10)
  A water moccasin skeleton (D:6)
  Dowan (D:7)
  An oklob sapling (D:9)
  4 electric eels
  A lava snake (D:9)
  2 centaur skeletons
  3 centaur zombies
  2 bullfrog skeletons
  A gnoll shaman (D:9)
  3 hounds
  4 orc priests
  A jelly (D:6)
  Natasha (thrice) (D:2)
  2 iguanas
  4 orc wizards
  3 hell rats (D:9)
  A hound skeleton (D:4)
  A howler monkey zombie (D:6)
  11 gnolls
  A river rat (D:9)
  13 adders
  2 shadow imps
  A white imp (D:4)
  30 orcs
  17 ball pythons
  8 bats
  7 endoplasms
  2 giant cockroaches (D:4)
  7 hobgoblins
  8 jackals
  3 quokkas (D:9)
  3 frilled lizards
  7 goblins
  15 kobolds
  5 rats
242 creatures vanquished.

Vanquished Creatures (collateral kills)
  A two-headed ogre (D:10)
  2 death yaks (D:9)
  An oklob plant (D:9)
  A slime creature (D:7)
  An acid dragon (D:8)
  A sky beast (D:7)
  An orc warrior (D:9)
  A centaur (D:8)
  A water moccasin skeleton (D:5)
  A jelly (D:7)
  2 orc wizards (D:9)
  A hell rat (D:9)
  A gnoll (D:9)
  An orc (D:10)
  A kobold (D:9)
17 creatures vanquished.

Vanquished Creatures (others)
  An electric eel (D:9)
  13 plants
14 creatures vanquished.

Grand Total: 273 creatures vanquished

Notes
Turn   | Place    | Note
-------+----------+-------------------------------------------
     0 | D:1      | rogsnak the Demonspawn Air Elementalist began the quest for
                  | the Orb.
     0 | D:1      | Reached XP level 1. HP: 13/13 MP: 3/3
   483 | D:1      | Gained mutation: A weak demonic guardian rushes to your
                  | aid. [demonic ancestry]
   483 | D:1      | Reached XP level 2. HP: 19/19 MP: 3/5
   917 | D:1      | Reached XP level 3. HP: 24/24 MP: 1/6
  1557 | D:2      | Noticed Natasha
  1585 | D:2      | Killed Natasha
  1733 | D:2      | Gained mutation: You sometimes gain a little power by
                  | taking damage. [demonic ancestry]
  1733 | D:2      | Reached XP level 4. HP: 30/30 MP: 6/8
  2093 | D:2      | Noticed Natasha
  2108 | D:2      | Killed Natasha
  2539 | D:2      | Noticed Natasha
  2544 | D:2      | Killed Natasha
  2545 | D:2      | Gained mutation: A demonic guardian rushes to your aid.
                  | [demonic ancestry]
  2545 | D:2      | Reached XP level 5. HP: 35/35 MP: 4/9
  2782 | D:3      | Found a stormy altar of Qazlal.
  3045 | D:3      | Found a faded altar of an unknown god.
  3159 | D:3      | Found a hide-covered altar of Uskayaw.
  3934 | D:4      | Found an iron altar of Okawaru.
  3989 | D:4      | Gained mutation: You have sharp fingernails. [demonic
                  | ancestry]
  3989 | D:4      | Reached XP level 6. HP: 37/41 MP: 8/11
  4102 | D:4      | Learned a level 3 spell: Swiftness
  4107 | D:4      | Learned a level 4 spell: Airstrike
  4111 | D:4      | Learned a level 3 spell: Mephitic Cloud
  4187 | D:4      | Found a staircase to the Ecumenical Temple.
  4194 | D:4      | Found Qeoner's Antique Armour Emporium.
  4209 | Temple   | Entered the Ecumenical Temple
  4390 | Temple   | Became a worshipper of Sif Muna the Loreminder
  4806 | D:5      | Entered Level 5 of the Dungeon
  4806 | D:5      | Noticed an ice beast
  4812 | D:5      | Killed an ice beast
  4875 | D:5      | Reached XP level 7. HP: 40/46 MP: 6/13
  5222 | D:5      | Identified the ring "Fecigok" {*Slow Fly rF+ rC+ rN+ Str+4}
  5295 | D:5      | Reached skill level 5 in Conjurations
  5838 | D:6      | Reached skill level 5 in Spellcasting
  5845 | D:6      | Reached XP level 8. HP: 9/52 MP: 6/15
  6114 | D:6      | Reached skill level 5 in Air Magic
  6365 | D:6      | Reached * piety under Sif Muna
  7855 | D:7      | Noticed a slime creature
  7868 | D:7      | Killed a slime creature
  7869 | D:7      | Gained mutation: You sometimes gain power by taking damage.
                  | [demonic ancestry]
  7869 | D:7      | Reached XP level 9. HP: 27/58 MP: 11/18
  8054 | D:7      | Reached skill level 1 in Armour
  8447 | D:7      | Identified the ring of Dithmenos's Hatred {rElec Will+++
                  | Str+2 Dex-2 SInv}
  8522 | D:7      | Found a shadowy altar of Dithmenos.
  8523 | D:7      | Found a blossoming altar of Fedhas.
  8525 | D:7      | Found a broken altar of Ashenzari.
  8525 | D:7      | Found a bloodstained altar of Trog.
  8525 | D:7      | Found an ornate altar of the Wu Jian Council.
  8827 | D:7      | Noticed Duvessa
  8830 | D:7      | Killed Duvessa
  9038 | D:7      | Noticed Dowan
  9052 | D:7      | Killed Dowan
  9546 | D:8      | Identified the +1 scale mail of Hysteria {rPois rC+}
  9959 | D:8      | Noticed an angel
 10559 | D:9      | Reached ** piety under Sif Muna
 10569 | D:9      | Reached skill level 1 in Fighting
 10871 | D:9      | Identified the +1 leather armour of Xecsiav {rC+ rN+ Int+3
                  | SInv}
 10922 | D:9      | Found a staircase to the Lair.
 10922 | D:9      | Noticed a death yak
 10922 | D:9      | Noticed a death yak
 10924 | D:9      | Noticed a death yak
 10956 | D:9      | Killed a death yak
 10957 | D:9      | Reached XP level 10. HP: 30/65 MP: 5/21
 10962 | D:9      | Killed a death yak
 11151 | D:9      | Killed a death yak
 12131 | D:9      | Noticed a manticore
 12230 | D:9      | Killed a manticore
 12605 | D:9      | Reached *** piety under Sif Muna
 12612 | D:9      | Reached skill level 10 in Conjurations
 12657 | D:9      | Gained mutation: You are surrounded by a mild repulsion
                  | field. (EV +2) [demonic ancestry]
 12657 | D:9      | Reached XP level 11. HP: 47/72 MP: 6/23
 12854 | D:9      | Got the Incunabulum of Shifting Toxins
 12902 | D:9      | Noticed an oklob plant
 13365 | D:9      | Killed an oklob plant
 13514 | D:10     | Entered Level 10 of the Dungeon
 14140 | D:10     | Found Ipeesip's Armour Shop.
 14169 | D:10     | Noticed a two-headed ogre
 14177 | D:10     | Killed a two-headed ogre
 14614 | D:10     | Noticed an orc knight
 15286 | D:10     | Found a staircase to the Orcish Mines.
 15312 | D:10     | Reached **** piety under Sif Muna
 15442 | D:10     | Killed an orc knight
 15443 | D:10     | Reached skill level 10 in Spellcasting
 15839 | D:11     | Noticed a brown ugly thing
 15986 | D:11     | Noticed a red ugly thing
 15986 | D:11     | Noticed a glowing orange brain
 15986 | D:11     | Noticed a green ugly thing
 15986 | D:11     | Noticed a cyan ugly thing
 15986 | D:11     | Found a runed translucent gate.
 15986 | D:11     | Found a runed translucent gate.
 15986 | D:11     | Found a runed translucent gate.
 15987 | D:11     | Noticed a red ugly thing
 16456 | D:10     | Slain by a brown ugly thing

Illustrated notes

Levels and vault maps discovered:
D:1:      dpeg_arrival_court, layout_basic
D:2:      layout_basic, minmay_splitting_lines, minmay_shallow_snake_nest,
          uniq_natasha
D:3:      layout_loops_ring, lemuel_round_altar,
          nicolae_uskayaw_murder_on_the_dancefloor,
          ebering_ecumenical_altar_webs, hangedman_decor_lopped,
          kennysheep_pointless_box, dk_vineyard_3
D:4:      layout_rooms, okawaru_ov_weapons_minmay, minmay_temple_entry_mist,
          serial_shops, kennysheep_mini_moat
D:5:      wander_river, layout_loops_ring
D:6:      layout_loops_corners, water_maze_lemuel
D:7:      layout_basic, grunt_temple_overflow_open,
          chequers_serial_rivers_micro_c, dk_noncrumbling_4, uniq_duvessa
D:8:      layout_loops_ring, zin_angel
D:9:      layout_long_grid, mainiacjoe_overflow_boulevard, dpeg_lair_monsters,
          special_room [special_room_kobold], nicolae_lava_and_water,
          minmay_strange_pillars, chequers_serial_rivers_room_b,
          minmay_misc_feat_tiny, introduction_to_nature_2
D:10:     layout_cave_pools, mainiacjoe_overflow_concentric_impassable,
          david_orc_5, serial_shops, nicolae_shop_hallway_stairs, minivault_16,
          nicolae_concentric_dashed_squares_wild
D:11:     layout_cave_pools, ploomutoo_gammafunk_ghost_potion_laboratory
Temple:   bh_familiar_temple

Skill      XL: |  1  2  3  4  5  6  7  8  9 10 11 |
---------------+----------------------------------+-----
Air Magic      | 3 4 5 7 8 9 |  9.7
Dodging        | 2 3 |  3.7
Conjurations   | 2 3 4 5 7 8 10 | 10.5
Spellcasting   | 3 4 5 6 7 8 10 | 10.1
Armour         | 2 3 |  3.4
Fighting       | 1 2 |  2.2
Short Blades   | |  0.1
Stealth        | |  1.7

Action                   |  1- 3 |  4- 6 |  7- 9 | 10-12 || total
-------------------------+-------+-------+-------+-------++-------
Melee: Unarmed           |     6 |       |       |       ||     6
       Club              |     3 |       |       |       ||     3
       Flail             |     2 |       |       |       ||     2
       Staff             |       |    12 |    15 |    12 ||    39
       Dagger            |       |       |    67 |   126 ||   193
 Cast: Shock             |    51 |   128 |   146 |    78 ||   403
       Airstrike         |       |       |    23 |    81 ||   104
       Mephitic Cloud    |       |       |    28 |    42 ||    70
       Swiftness         |       |       |       |     1 ||     1
Evoke: Wand              |       |       |       |     2 ||     2
 Stab: Confused          |       |       |     9 |    11 ||    20
Armor: Robe              |     6 |    14 |     4 |       ||    24
       Leather armour    |       |       |    21 |    38 ||    59
Dodge: Dodged            |     7 |    24 |    71 |    87 ||   189

Table legend: (Time is in decaauts)
 A = Elapsed time spent in this place.
 B = Non-inter-level travel time spent in this place.
 C = Inter-level travel time spent in this place.
 D = Time resting spent in this place.
 E = Time spent auto-exploring this place.
 F = Levels seen in this place.
 G = Mean time per level.
                   A        B        C        D        E       F      G
               +--------+--------+--------+--------+--------+-----+--------+
         Total |  16494 |  16150 |    344 |   5304 |   7884 |  12 | 1374.5 |
       Dungeon |  16288 |  15944 |    344 |   5304 |   7708 |  11 | 1480.7 |
        Temple |    205 |    205 |      0 |      0 |    176 |   1 |  205.0 |
               +--------+--------+--------+--------+--------+-----+--------+

Top non-repeatable levels by time:
     D:9: 3338 daAuts
    D:10: 1955 daAuts
     D:6: 1904 daAuts
     D:8: 1617 daAuts
     D:7: 1525 daAuts
     D:2: 1410 daAuts
     D:1: 1337 daAuts
     D:3: 1244 daAuts
     D:5: 848 daAuts
     D:4: 632 daAuts
    D:11: 473 daAuts
  Temple: 205 daAuts
